 Dungeon Sprint DCSS version 0.30.1-4-g462c640d31 (webtiles) character file.

Game seed: 6403314849345053559

25 Heoruswealwe the Trooper (level 3, 36/36 HPs)
             Began as a Hill Orc Fighter on Aug 25, 2023.
             Got out of the dungeon alive.
             The game lasted 00:00:22 (16 turns).

Heoruswealwe the Trooper (Hill Orc Fighter)           Turns: 16, Time: 00:00:23

Health: 36/36      AC: 12    Str: 18    XL:     3   Next: 4%
Magic:  3/3        EV: 17    Int: 10    God:
Gold:   0          SH:  0    Dex: 10    Spells: 2/2 levels left

rFire   . . .        a - melded +0 war axe
rCold   . . .        c - melded +0 buckler
rNeg    + + +        b - melded +0 scale mail
rPois   +            (helmet currently unavailable)
rElec   .            (cloak currently unavailable)
rCorr   .            (gloves currently unavailable)
SInv    .            (boots currently unavailable)
Will    .....        (no amulet)
Stlth   +            (no ring)
HPRegen 0.26/turn    (no ring)
MPRegen 0.08/turn

%: no teleportation
@: fungus-form
A: melee confuse, terrified, no casting, tiny
a: no special abilities


You escaped.
You were a sentient fungus.
You visited 1 branch

Inventory:

Hand Weapons
 a - a +0 war axe (melded)
Armour
 b - a +0 scale mail (melded)
 c - a +0 buckler (melded)
Scrolls
 j - a scroll of blinking
Potions
 d - a potion of might
 e - a potion of curing
 f - a potion of heal wounds
 g - a potion of haste
 h - 2 potions of magic
 i - a potion of berserk rage


   Skills:
 + Level 5.1 Fighting
 + Level 3.3 Axes
 + Level 4.7 Armour
 + Level 0.5 Dodging
 + Level 0.3 Stealth
 + Level 4.5 Shields
 + Level 1.0 Unarmed Combat


You had 2 spell levels left.
You didn't know any spells.
Your spell library was empty.

Dungeon Overview and Level Annotations

Branches:
Dungeon (1/1)

Altars:


Message History

You release spores at Ijyb but do no damage.
Ijyb appears confused.
You strike the helpless Ijyb from behind!
You release spores at Ijyb!
Ijyb is heavily wounded.
Ijyb drinks a potion.
Ijyb is healed!
Ijyb seems less confused.
You release spores at Ijyb.
Ijyb is heavily wounded.
The +1 spectral club disappears.
Ijyb hits you but does no damage.
The +1 spectral club hits you but does no damage.
A +1 spectral club comes into view.
You release spores at Ijyb.
Ijyb is severely wounded.
Ijyb completely misses you.
The +1 spectral club hits you but does no damage.
You barely miss Ijyb.
Ijyb is severely wounded.
Ijyb completely misses you. The +1 spectral club misses you.
You release spores at Ijyb.
Ijyb is severely wounded.
Ijyb completely misses you.
The +1 spectral club completely misses you.
You release spores at Ijyb.
You kill Ijyb!
The +1 spectral club disappears.
Your Fighting skill gained 2 levels and is now at level 5!
Your Axes skill increases to level 3!
Your Armour skill increases to level 4!
Your Shields skill increases to level 4!
Your Unarmed Combat skill increases to level 1!
You have reached level 2!
You have reached level 3!
Your experience leads to an increase in your attributes!
Increase (S)trength, (I)ntelligence, or (D)exterity?
You feel clever. x2
There is an open door, spattered with blood here.
Things that are here:
a +1 spectral club; a +2 scale mail of cold resistance
There is a staircase leading out of the dungeon here.
Are you sure you want to leave the Dungeon?
This will make you lose the game!
You have escaped!

#######
#f.#..+
#..)..#
#..####
#..#
#..#
#..#
#⌠⌠#
####


There were no monsters in sight!

Vanquished Creatures
  Ijyb (D)
1 creature vanquished.

Notes
Turn   | Place    | Note
-------+----------+-------------------------------------------
     0 | D        | Heoruswealwe the Hill Orc Fighter began the quest for the
                  | Orb.
     0 | D        | Reached XP level 1. HP: 19/19 MP: 1/1
     1 | D        | Noticed Ijyb
    11 | D        | Killed Ijyb
    12 | D        | Reached skill level 5 in Fighting
    12 | D        | Reached skill level 1 in Unarmed Combat
    12 | D        | Reached XP level 2. HP: 28/29 MP: 2/2
    12 | D        | Reached XP level 3. HP: 35/36 MP: 3/3
    16 | D        | Got out of the dungeon alive.

Illustrated notes

Levels and vault maps discovered:
D:        dungeon_sprint_1 [red_sonja_temple_1, red_sonja_temple_small_1]

Skill      XL: |  1 |
---------------+----+-----
Fighting       | 5 |  5.1
Axes           | 3 |  3.3
Armour         | 4 |  4.7
Shields        | 4 |  4.5
Unarmed Combat | 1 |  1.0
Dodging        | |  0.5
Stealth        | |  0.3

Action                     || total
---------------------------++-------
  Melee: Unarmed           ||     8
   Stab: Confused          ||     1
 Armour: Skin              ||     3
  Dodge: Dodged            ||     6
